| TOP OF THE 1ST |
|
Burlington Royals batting - Pitching for Detroit (APP) Tigers : RHP Mike Valdivia
|
|
Pitching: RHP Mike Valdivia
|
|
|
Batting: LHB Bobby Gonzalez
|
0-0: Called Strike 0-1: SOLO HOME RUN (Flyball, 89XD, EV 105.6 MPH), Distance : 411 ft
|
|
Batting: LHB Mike Bhatti
|
0-0: Called Strike 0-1: SINGLE (Line Drive, 89M, EV 109.4 MPH)
|
|
Batting: RHB Nick Julien
|
0-0: Called Strike 0-1: Ball 1-1: Foul Ball, location: 2F 1-2: Fielders Choice at 2nd, 6-4 (Groundball, 6, EV 107.5 MPH)
|
|
Batting: RHB Phil Hamby
|
0-0: Ball 1-0: Reached on error, E6 (Groundball, 6, EV 81.2 MPH) Nick Julien to second
|
|
Batting: SHB Bill Ertl
|
0-0: Foul Ball, location: 2F 0-1: Foul Ball, location: 2F 0-2: Ball 1-2: Ball 2-2: Ball Wild Pitch! Nick Julien to third Phil Hamby to second 3-2: Fly out, F8 (Flyball, 8LXD, EV 99.4 MPH) Runner from 3rd tags up, SCORES, no throw by CF Phil Hamby to third
|
|
Batting: LHB Pablo Serrato
|
0-0: DOUBLE (Line Drive, 7LS, EV 95.0 MPH) Phil Hamby scores
|
|
Batting: RHB Bobby Matyas
|
0-0: Called Strike 0-1: Ball 1-1: Foul Ball, location: 2F 1-2: Foul Ball, location: 2F 1-2: Foul Ball, location: 2F 1-2: Ball 2-2: Ball 3-2: Foul Ball, location: 2F 3-2: Base on Balls
|
|
Batting: RHB Adam Krieger
|
0-0: Ball 1-0: Ball 2-0: Ball 3-0: Called Strike 3-1: Base on Balls Pablo Serrato to third Bobby Matyas to second
|
|
Batting: LHB Edgar Ortiz
|
0-0: Ground out 4-3 (Groundball, 34, EV 108.1 MPH)
|
| Top of the 1st over - 3 runs, 3 hits, 1 error, 3 left on base; Burlington 3 - Detroit (APP) 0 |
| BOTTOM OF THE 1ST |
|
Detroit (APP) Tigers batting - Pitching for Burlington Royals : LHP Butch Ott
|
|
Pitching: LHP Butch Ott
|
|
|
Batting: SHB Jean-Luc Legros
|
0-0: Swinging Strike 0-1: Ball 1-1: Called Strike 1-2: Ball 2-2: Ball 3-2: Strikes out swinging
|
|
Batting: LHB Isao Fukui
|
0-0: Ball 1-0: Ball 2-0: Ball 3-0: Foul Ball, location: 2F 3-1: Base on Balls
|
|
Batting: RHB Yasutaka Yamasaki
|
0-0: Foul Ball, location: 2F 0-1: Ball Isao Fukui is caught stealing 2nd base 2-4 1-1: Swinging Strike 1-2: Foul Ball, location: 2F 1-2: Strikes out swinging
|
| Bottom of the 1st over - 0 runs, 0 hits, 0 errors, 0 left on base; Burlington 3 - Detroit (APP) 0 |
| TOP OF THE 2ND |
|
Burlington Royals batting - Pitching for Detroit (APP) Tigers : RHP Mike Valdivia
|
|
Batting: LHB Bobby Gonzalez
|
0-0: Ball 1-0: Swinging Strike 1-1: Swinging Strike 1-2: Strikes out swinging
|
|
Batting: LHB Mike Bhatti
|
0-0: Ball 1-0: Called Strike 1-1: Swinging Strike 1-2: Foul Ball, location: 2F 1-2: Ball 2-2: Strikes out swinging
|
|
Batting: RHB Nick Julien
|
0-0: Called Strike 0-1: Ball 1-1: SOLO HOME RUN (Flyball, 7D, EV 92.5 MPH), Distance : 359 ft
|
|
Batting: RHB Phil Hamby
|
0-0: Foul Ball, location: 2F 0-1: Ball 1-1: Swinging Strike 1-2: Strikes out swinging
|
| Top of the 2nd over - 1 run, 1 hit, 0 errors, 0 left on base; Burlington 4 - Detroit (APP) 0 |
| BOTTOM OF THE 2ND |
|
Detroit (APP) Tigers batting - Pitching for Burlington Royals : LHP Butch Ott
|
|
Batting: RHB German Quiroga
|
0-0: SINGLE (Groundball, 56D, EV 99.4 MPH) (infield hit)
|
|
Batting: RHB Adam Fisher
|
0-0: Swinging Strike 0-1: Ball 1-1: Ball 2-1: Fielders Choice at 2nd, 6-4 (Groundball, 6, EV 83.1 MPH)
|
|
Pitching: LHP Brett Reed
|
|
|
Batting: RHB Juan Acero
|
0-0: Ball 1-0: Called Strike 1-1: Fielders Choice at 2nd, 5-4 (Groundball, 56S, EV 83.8 MPH)
|
|
Batting: RHB Nate Dabney
|
0-0: Hit by Pitch Juan Acero to second
|
|
Batting: RHB Yankel Pensak
|
0-0: Foul Ball, location: 2F 0-1: Ball 1-1: Ball 2-1: Ball 3-1: Called Strike 3-2: Fly out, F7 (Flyball, 78D, EV 91.9 MPH)
|
| Bottom of the 2nd over - 0 runs, 1 hit, 0 errors, 2 left on base; Burlington 4 - Detroit (APP) 0 |
| TOP OF THE 3RD |
|
Burlington Royals batting - Pitching for Detroit (APP) Tigers : RHP Mike Valdivia
|
|
Batting: SHB Bill Ertl
|
0-0: Ground out U3 (Groundball, 3S, EV 67.5 MPH)
|
|
Batting: LHB Pablo Serrato
|
0-0: Called Strike 0-1: Ball 1-1: DOUBLE (Line Drive, 7LM, EV 105.6 MPH)
|
|
Batting: RHB Bobby Matyas
|
0-0: Ball 1-0: Foul Ball, location: 2F 1-1: Fly out, F4 (Popup, 23, EV 79.4 MPH)
|
|
Batting: RHB Adam Krieger
|
0-0: 2-RUN HOME RUN (Flyball, 7D, EV 98.1 MPH), Distance : 359 ft
|
|
Batting: LHB Edgar Ortiz
|
0-0: Ball 1-0: Ball 2-0: Called Strike 2-1: Ball 3-1: Base on Balls
|
|
Pitching: RHP Alex Amparo
|
|
|
Batting: LHB Bobby Gonzalez
|
0-0: Ball 1-0: Ball Wild Pitch! Edgar Ortiz to second 2-0: Ball 3-0: Swinging Strike 3-1: Called Strike 3-2: Base on Balls
|
|
Batting: LHB Mike Bhatti
|
0-0: Ball 1-0: DOUBLE (Flyball, 89D, EV 91.9 MPH) Edgar Ortiz scores Bobby Gonzalez to third
|
|
Batting: RHB Nick Julien
|
0-0: SINGLE (Flyball, 4MD, EV 88.8 MPH) Bobby Gonzalez scores Mike Bhatti to third Runner from 3rd tries for Home, SAFE, throw by CF to home
|
|
Batting: RHB Phil Hamby
|
0-0: Ball 1-0: Ball 2-0: Ball 3-0: Base on Balls Nick Julien to second
|
|
Batting: SHB Bill Ertl
|
0-0: Ball 1-0: Ball 2-0: Ball 3-0: Called Strike 3-1: Base on Balls Nick Julien to third Phil Hamby to second
|
|
Batting: LHB Pablo Serrato
|
0-0: GRAND SLAM HOME RUN (Flyball, 9D, EV 97.5 MPH), Distance : 380 ft
|
|
Pitching: RHP Bert Hernandez
|
|
|
Batting: RHB Bobby Matyas
|
0-0: Ball 1-0: SINGLE (Groundball, 56D, EV 103.1 MPH)
|
|
Batting: RHB Adam Krieger
|
0-0: Ball 1-0: Ball 2-0: Ball 3-0: Called Strike 3-1: Foul Ball, location: 2F 3-2: Foul Ball, location: 2F 3-2: Base on Balls Bobby Matyas to second
|
|
Batting: LHB Edgar Ortiz
|
0-0: Ball 1-0: Ground out 4-3 (Groundball, 4, EV 86.2 MPH)
|
| Top of the 3rd over - 9 runs, 6 hits, 0 errors, 2 left on base; Burlington 13 - Detroit (APP) 0 |
| BOTTOM OF THE 3RD |
|
Detroit (APP) Tigers batting - Pitching for Burlington Royals : LHP Brett Reed
|
|
Batting: LHB Timotheus Young
|
0-0: DOUBLE (Line Drive, 9LS, EV 100.0 MPH)
|
|
Batting: SHB Jean-Luc Legros
|
0-0: Ball Timotheus Young steals 3rd base 1-0: Called Strike 1-1: Ball 2-1: Called Strike 2-2: 2-RUN HOME RUN (Flyball, 78XD, EV 105.0 MPH), Distance : 414 ft
|
|
Batting: LHB Isao Fukui
|
0-0: Called Strike 0-1: Ground out U3 (Groundball, 34S, EV 91.9 MPH)
|
|
Pitching: RHP Chance Griffin
|
|
|
Batting: RHB Yasutaka Yamasaki
|
0-0: Called Strike 0-1: Ground out 5-3 (Groundball, 56, EV 92.5 MPH)
|
|
Batting: RHB German Quiroga
|
0-0: Fly out, F9 (Flyball, 9D, EV 99.4 MPH)
|
| Bottom of the 3rd over - 2 runs, 2 hits, 0 errors, 0 left on base; Burlington 13 - Detroit (APP) 2 |
| TOP OF THE 4TH |
|
Burlington Royals batting - Pitching for Detroit (APP) Tigers : RHP Bert Hernandez
|
|
Batting: LHB Bobby Gonzalez
|
0-0: Ball 1-0: Foul Ball, location: 2F 1-1: Ball 2-1: Ball 3-1: Base on Balls
|
|
Batting: LHB Mike Bhatti
|
0-0: Foul Ball, location: 2F 0-1: Ball 1-1: Ball 2-1: Ball Wild Pitch! Bobby Gonzalez to second 3-1: Foul Ball, location: 2F 3-2: Base on Balls
|
|
Batting: RHB Nick Julien
|
0-0: Foul Ball, location: 2F 0-1: DOUBLE (Line Drive, 7LS, EV 96.2 MPH) Bobby Gonzalez scores Mike Bhatti to third
|
|
Batting: RHB Phil Hamby
|
0-0: Ball 1-0: SINGLE (Groundball, 56D, EV 93.8 MPH) Mike Bhatti scores Nick Julien to third Runner from 3rd tries for Home, SAFE, throw by LF to home Phil Hamby to second
|
|
Batting: SHB Bill Ertl
|
0-0: Called Strike 0-1: Ball 1-1: Ball 2-1: Ball 3-1: Base on Balls
|
|
Pitching: RHP Malcolm Holz
|
|
|
Batting: LHB Pablo Serrato
|
0-0: Ball 1-0: 3-RUN HOME RUN (Flyball, 7LD, EV 88.8 MPH), Distance : 335 ft
|
|
Batting: RHB Bobby Matyas
|
0-0: Fly out, F9 (Flyball, 9S, EV 85.0 MPH)
|
|
Batting: RHB Adam Krieger
|
0-0: Ball 1-0: Swinging Strike 1-1: Ball 2-1: Swinging Strike 2-2: DOUBLE (Flyball, 78D, EV 108.8 MPH)
|
|
Batting: LHB Edgar Ortiz
|
0-0: Ball 1-0: Called Strike 1-1: Ball 2-1: Ball 3-1: Called Strike 3-2: Fly out, F9 (Line Drive, 9, EV 88.8 MPH)
|
|
Batting: LHB Bobby Gonzalez
|
0-0: Ball 1-0: Called Strike 1-1: Foul Ball, location: 2F 1-2: Ball 2-2: Ball 3-2: Foul Ball, location: 2F 3-2: Foul Ball, location: 2F 3-2: 2-RUN HOME RUN (Flyball, 8RXD, EV 105.0 MPH), Distance : 435 ft
|
|
Batting: LHB Mike Bhatti
|
0-0: Fly out, F7 (Flyball, 78S, EV 78.1 MPH)
|
| Top of the 4th over - 8 runs, 5 hits, 0 errors, 0 left on base; Burlington 21 - Detroit (APP) 2 |
| BOTTOM OF THE 4TH |
|
Detroit (APP) Tigers batting - Pitching for Burlington Royals : RHP Chance Griffin
|
|
Batting: RHB Adam Fisher
|
0-0: Foul Ball, location: 2F 0-1: Ball 1-1: Called Strike 1-2: Ground out 6-3 (Groundball, 6, EV 80.0 MPH)
|
|
Batting: RHB Juan Acero
|
0-0: Foul Ball, location: 2F 0-1: Ball 1-1: Ball 2-1: Ball 3-1: Swinging Strike 3-2: Strikes out swinging
|
|
Batting: RHB Nate Dabney
|
0-0: Ball 1-0: Called Strike 1-1: Foul Ball, location: 2F 1-2: Ball 2-2: Foul Ball, location: 2F 2-2: Ground out 6-3 (Groundball, 6, EV 108.1 MPH)
|
| Bottom of the 4th over - 0 runs, 0 hits, 0 errors, 0 left on base; Burlington 21 - Detroit (APP) 2 |
| TOP OF THE 5TH |
|
Burlington Royals batting - Pitching for Detroit (APP) Tigers : RHP Malcolm Holz
|
|
Batting: RHB Nick Julien
|
0-0: Called Strike 0-1: Swinging Strike 0-2: Ball 1-2: Strikes out swinging
|
|
Batting: RHB Phil Hamby
|
0-0: Called Strike 0-1: SOLO HOME RUN (Flyball, 7D, EV 96.9 MPH), Distance : 378 ft
|
|
Pitching: RHP Matt Haberle
|
|
|
Batting: SHB Bill Ertl
|
0-0: Ball 1-0: Foul Ball, location: 2F 1-1: Called Strike 1-2: Ball 2-2: Fly out, F8 (Line Drive, 8LM, EV 96.2 MPH)
|
|
Batting: LHB Pablo Serrato
|
0-0: Ball 1-0: Foul Ball, location: 2F 1-1: Ball 2-1: Swinging Strike 2-2: Strikes out swinging
|
| Top of the 5th over - 1 run, 1 hit, 0 errors, 0 left on base; Burlington 22 - Detroit (APP) 2 |
| BOTTOM OF THE 5TH |
|
Detroit (APP) Tigers batting - Pitching for Burlington Royals : RHP Chance Griffin
|
|
Pitching: RHP Neil Drain
|
|
|
Batting: RHB Yankel Pensak
|
0-0: Called Strike 0-1: Fly out, F7 (Flyball, BS2, EV 103.8 MPH)
|
|
Batting: LHB Timotheus Young
|
0-0: Called Strike 0-1: Foul Ball, location: 2F 0-2: Ball 1-2: Foul Ball, location: 2F 1-2: Foul Ball, location: 2F 1-2: Strikes out swinging
|
|
Batting: SHB Jean-Luc Legros
|
0-0: Called Strike 0-1: Ball 1-1: Ball 2-1: Ball 3-1: Swinging Strike 3-2: Strikes out swinging
|
| Bottom of the 5th over - 0 runs, 0 hits, 0 errors, 0 left on base; Burlington 22 - Detroit (APP) 2 |
| TOP OF THE 6TH |
|
Burlington Royals batting - Pitching for Detroit (APP) Tigers : RHP Matt Haberle
|
|
Batting: RHB Bobby Matyas
|
0-0: Ball 1-0: Ball 2-0: Called Strike 2-1: Fly out, F9 (Flyball, 89S, EV 92.5 MPH)
|
|
Batting: RHB Adam Krieger
|
0-0: Swinging Strike 0-1: Foul Ball, location: 2F 0-2: Fly out, F7 (Line Drive, 7LM, EV 99.4 MPH)
|
|
Batting: LHB Edgar Ortiz
|
0-0: Ball 1-0: SOLO HOME RUN (Flyball, 89XD, EV 110.0 MPH), Distance : 436 ft
|
|
Batting: LHB Bobby Gonzalez
|
0-0: Foul Ball, location: 2F 0-1: Foul Ball, location: 2F 0-2: Ball 1-2: Strikes out swinging
|
| Top of the 6th over - 1 run, 1 hit, 0 errors, 0 left on base; Burlington 23 - Detroit (APP) 2 |
| BOTTOM OF THE 6TH |
|
Detroit (APP) Tigers batting - Pitching for Burlington Royals : RHP Neil Drain
|
|
Batting: LHB Isao Fukui
|
0-0: Called Strike 0-1: Called Strike 0-2: Ball 1-2: Strikes out swinging
|
|
Pitching: RHP Kolenka Leschenya
|
|
|
Batting: RHB Yasutaka Yamasaki
|
0-0: Ball 1-0: Called Strike 1-1: Called Strike 1-2: Strikes out swinging
|
|
Batting: RHB German Quiroga
|
0-0: Called Strike 0-1: Called Strike 0-2: Foul Ball, location: 2F 0-2: Ball 1-2: Ball 2-2: Ground out 4-3 (Groundball, 4, EV 109.4 MPH)
|
| Bottom of the 6th over - 0 runs, 0 hits, 0 errors, 0 left on base; Burlington 23 - Detroit (APP) 2 |
| TOP OF THE 7TH |
|
Burlington Royals batting - Pitching for Detroit (APP) Tigers : RHP Matt Haberle
|
|
Batting: LHB Mike Bhatti
|
0-0: Ball 1-0: Called Strike 1-1: Foul Ball, location: 2F 1-2: SOLO HOME RUN (Flyball, 89XD, EV 108.8 MPH), Distance : 435 ft
|
|
Batting: RHB Nick Julien
|
0-0: Called Strike 0-1: Ball 1-1: Foul Ball, location: 2F 1-2: Foul Ball, location: 2F 1-2: SOLO HOME RUN (Flyball, 89XD, EV 98.8 MPH), Distance : 407 ft
|
|
Pinch Hitting: RHB Carlos Santoni
|
0-0: Ball 1-0: Ground out 5-3 (Groundball, 56S, EV 86.2 MPH)
|
|
Pitching: RHP Afanasy Zasekin
|
|
|
Pinch Hitting: RHB Jonas Fernandez
|
0-0: Ball 1-0: Ball 2-0: Ball 3-0: Base on Balls
|
|
Pinch Hitting: RHB Dave Saldana
|
0-0: Ball 1-0: DOUBLE (Line Drive, 9LM, EV 107.5 MPH) Jonas Fernandez to third
|
|
Pinch Hitting: RHB Jason Birge
|
0-0: Ball 1-0: Foul Ball, location: 2F 1-1: Swinging Strike 1-2: Ball Wild Pitch! Jonas Fernandez scores Dave Saldana to third 2-2: Strikes out swinging
|
|
Batting: RHB Adam Krieger
|
0-0: Called Strike 0-1: Called Strike 0-2: Ball 1-2: Ball 2-2: Foul Ball, location: 2F 2-2: Ball 3-2: Base on Balls
|
|
Batting: LHB Edgar Ortiz
|
0-0: Called Strike 0-1: Hit by Pitch Adam Krieger to second
|
|
Batting: LHB Bobby Gonzalez
|
0-0: Ball 1-0: Ball 2-0: Ball 3-0: Called Strike 3-1: Called Strike 3-2: Base on Balls Dave Saldana scores Adam Krieger to third Edgar Ortiz to second
|
|
Batting: LHB Mike Bhatti
|
0-0: Foul Ball, location: 2F 0-1: Ball 1-1: Ball 2-1: Called Strike 2-2: Ground out 4-3 (Groundball, 4, EV 80.6 MPH)
|
| Top of the 7th over - 4 runs, 3 hits, 0 errors, 3 left on base; Burlington 27 - Detroit (APP) 2 |
| BOTTOM OF THE 7TH |
|
Detroit (APP) Tigers batting - Pitching for Burlington Royals : RHP Kolenka Leschenya
|
|
Now at 2B: Dave Saldana
|
|
|
Now at SS: Carlos Santoni
|
|
|
Now in LF: Jason Birge
|
|
|
Now in CF: Ian Hornsby
|
|
|
Now in RF: Bobby Gonzalez
|
|
|
Batting: RHB Adam Fisher
|
0-0: Ball 1-0: Foul Ball, location: 2F 1-1: Foul Ball, location: 2F 1-2: Ground out 4-3 (Groundball, 4, EV 100.6 MPH)
|
|
Batting: RHB Juan Acero
|
0-0: Foul Ball, location: 2F 0-1: Foul Ball, location: 2F 0-2: Ball 1-2: SINGLE (Line Drive, 56D, EV 98.8 MPH)
|
|
Pitching: RHP Greg Sell
|
|
|
Batting: RHB Nate Dabney
|
0-0: Called Strike 0-1: Foul Ball, location: 2F 0-2: Ball 1-2: Ball 2-2: Strikes out swinging
|
|
Batting: RHB Yankel Pensak
|
0-0: Fly out, F8 (Flyball, 8LD, EV 81.9 MPH)
|
| Bottom of the 7th over - 0 runs, 1 hit, 0 errors, 1 left on base; Burlington 27 - Detroit (APP) 2 |
| TOP OF THE 8TH |
|
Burlington Royals batting - Pitching for Detroit (APP) Tigers : RHP Afanasy Zasekin
|
|
Batting: RHB Nick Julien
|
0-0: Called Strike 0-1: Ball 1-1: Called Strike 1-2: Strikes out looking
|
|
Batting: RHB Carlos Santoni
|
0-0: Ball 1-0: Ball 2-0: Foul Ball, location: 2F 2-1: Foul Ball, location: 2F 2-2: Ball 3-2: Foul Ball, location: 2F 3-2: Foul Ball, location: 2F 3-2: Base on Balls
|
|
Batting: RHB Ian Hornsby
|
0-0: Foul Ball, location: 2F 0-1: Called Strike 0-2: Ball Wild Pitch! Carlos Santoni to second 1-2: Ball 2-2: Ball 3-2: Foul Ball, location: 2F 3-2: Foul Ball, location: 2F 3-2: Foul Ball, location: 2F 3-2: Foul Ball, location: 2F 3-2: Foul Ball, location: 2F 3-2: Base on Balls
|
|
Pitching: RHP Alvaro Patino
|
|
|
Batting: RHB Dave Saldana
|
0-0: Foul Ball, location: 2F 0-1: Ball 1-1: Fielders Choice at 2nd, 1-6 (Groundball, 13S, EV 65.0 MPH) Carlos Santoni to third
|
|
Batting: RHB Jason Birge
|
0-0: Foul Ball, location: 2F 0-1: Ball 1-1: Ball 2-1: Fly out, F6 (Popup, 6M, EV 48.8 MPH)
|
| Top of the 8th over - 0 runs, 0 hits, 0 errors, 2 left on base; Burlington 27 - Detroit (APP) 2 |
| BOTTOM OF THE 8TH |
|
Detroit (APP) Tigers batting - Pitching for Burlington Royals : RHP Greg Sell
|
|
Batting: LHB Timotheus Young
|
0-0: Called Strike 0-1: Ground out U3 (Groundball, 3, EV 103.8 MPH)
|
|
Batting: SHB Jean-Luc Legros
|
0-0: Called Strike 0-1: Ground out 5-3 (Groundball, 5L, EV 83.1 MPH)
|
|
Batting: LHB Isao Fukui
|
0-0: Ball 1-0: Ball 2-0: Ground out U3 (Groundball, 3S, EV 93.8 MPH)
|
| Bottom of the 8th over - 0 runs, 0 hits, 0 errors, 0 left on base; Burlington 27 - Detroit (APP) 2 |
| TOP OF THE 9TH |
|
Burlington Royals batting - Pitching for Detroit (APP) Tigers : RHP Alvaro Patino
|
|
Batting: RHB Adam Krieger
|
0-0: Ball 1-0: Ball 2-0: Called Strike 2-1: Ball 3-1: SOLO HOME RUN (Flyball, 7LD, EV 96.9 MPH), Distance : 342 ft
|
|
Batting: LHB Edgar Ortiz
|
0-0: Ball 1-0: Swinging Strike 1-1: Swinging Strike 1-2: Strikes out swinging
|
|
Batting: LHB Bobby Gonzalez
|
0-0: Ball 1-0: Ball 2-0: Ball 3-0: Base on Balls
|
|
Batting: LHB Mike Bhatti
|
0-0: Called Strike 0-1: Fly out, F8 (Flyball, 8LD, EV 88.8 MPH)
|
|
Batting: RHB Nick Julien
|
0-0: Ball 1-0: Foul Ball, location: 2F 1-1: Ground out U3 (Groundball, 34S, EV 93.1 MPH)
|
| Top of the 9th over - 1 run, 1 hit, 0 errors, 1 left on base; Burlington 28 - Detroit (APP) 2 |
| BOTTOM OF THE 9TH |
|
Detroit (APP) Tigers batting - Pitching for Burlington Royals : RHP Greg Sell
|
|
Batting: RHB Yasutaka Yamasaki
|
0-0: Ball 1-0: Called Strike 1-1: Called Strike 1-2: Foul Ball, location: 2F 1-2: Strikes out swinging
|
|
Pitching: RHP Obiniana Gaters
|
|
|
Batting: RHB German Quiroga
|
0-0: Ball 1-0: Foul Ball, location: 2F 1-1: Ball 2-1: Foul Ball, location: 2F 2-2: Foul Ball, location: 2F 2-2: Foul Ball, location: 2F 2-2: Strikes out swinging
|
|
Batting: RHB Adam Fisher
|
0-0: Ball 1-0: Ball 2-0: Ball 3-0: Called Strike 3-1: Base on Balls
|
|
Batting: RHB Juan Acero
|
0-0: Ball 1-0: Ball 2-0: Called Strike 2-1: Swinging Strike 2-2: Ball Passed Ball! Adam Fisher to second 3-2: Foul Ball, location: 2F 3-2: Strikes out swinging
|
| Bottom of the 9th over - 0 runs, 0 hits, 0 errors, 1 left on base; Burlington 28 - Detroit (APP) 2 |
|